[ PARTIDA AOE2 · #506733697 ]
UnrankedPortugueses vs Ethiopians
Equipo del jugador · VICT
Equipo rival · DERR
[ ANÁLISIS DE REPETICIÓN · EXTRAÍDO DE LA PARTIDA GRABADA ]
Feudal
8:54
Castillos
22:12
Imperial
35:58
| APM promedio | 70.4 |
| APM pico | 110 |
| eAPM promedio | 28.7 |
| Aldeanos / militares | 157 / 115 |
Foco
⚔️ 36.2% · 🌾 63.8%
Archer ×46 · Knight ×43 · Bombard Cannon ×8 · Scout Cavalry ×6 · Trebuchet (Packed) ×4 · Mangonel ×3
Feudal
13:15
Castillos
26:21
Imperial
37:05
| APM promedio | 65.2 |
| APM pico | 105 |
| eAPM promedio | 32.5 |
| Aldeanos / militares | 173 / 121 |
Foco
⚔️ 41.2% · 🌾 58.8%
Archer ×69 · Skirmisher ×25 · Bombard Cannon ×11 · Spearman ×8 · Militia ×4 · Monk ×2
Mapa de la partida
Recursos iniciales + cada clic de construcción. Líneas = muros · curvas = relieve. ◆ oro · ⬟ piedra · ● bayas · ✦ reliquia · ◌ hueco del cierre
Tu base· Abierta — el rival se encerró
Base de TAG_MbL_· ✓ Cerrada en 26:21 · 50t muro · 1 puerta(s)
Terreno inicial suavizado · ◌ = hueco del cierre detectado · pasá el cursor para detalles
Inputs por minuto
— Oni.Kingstone - - TAG_MbL_
Build order — Oni.Kingstone
Primeras 150 de 505 acciones detectadas
| 0:00 | Crear | Villager (Male) |
| 0:00 | Crear | Villager (Male) |
| 0:01 | Crear | Villager (Male) |
| 0:02 | Construir | House |
| 0:02 | Construir | House |
| 0:06 | Construir | House |
| 0:15 | Crear | Villager (Male) |
| 1:30 | Crear | Villager (Male) |
| 1:54 | Construir | Lumber Camp |
| 2:08 | Crear | Villager (Male) |
| 2:20 | Crear | Villager (Male) |
| 2:50 | Crear | Villager (Male) |
| 2:50 | Crear | Villager (Male) |
| 3:18 | Crear | Villager (Male) |
| 3:45 | Crear | Villager (Male) |
| 3:48 | Construir | House |
| 4:01 | Construir | Mill |
| 4:07 | Crear | Villager (Male) |
| 4:37 | Crear | Villager (Male) |
| 4:38 | Crear | Villager (Male) |
| 5:18 | Crear | Villager (Male) |
| 5:23 | Crear | Villager (Male) |
| 5:24 | Crear | Villager (Male) |
| 5:24 | Crear | Villager (Male) |
| 5:59 | Investigar | Loom |
| 6:44 | Investigar | Feudal Age |
| 6:52 | Construir | Mill |
| 7:14 | Construir | Palisade Wall |
| 7:16 | Construir | Palisade Wall |
| 7:18 | Construir | Palisade Wall |
| 7:19 | Construir | Palisade Wall |
| 7:21 | Construir | Palisade Wall |
| 7:26 | Construir | Palisade Wall |
| 7:52 | Construir | Mining Camp |
| 8:20 | Construir | Palisade Wall |
| 8:22 | Construir | Palisade Wall |
| 8:23 | Construir | Palisade Wall |
| 8:24 | Construir | Palisade Wall |
| 8:29 | Construir | Palisade Wall |
| 8:32 | Construir | Palisade Wall |
| 8:33 | Construir | Palisade Wall |
| 8:38 | Crear | Villager (Male) |
| 8:39 | Construir | Barracks |
| 8:44 | Construir | House |
| 8:54 | Edad | Edad Feudal |
| 8:58 | Crear | Villager (Male) |
| 9:04 | Crear | Villager (Male) |
| 9:34 | Construir | Archery Range |
| 9:38 | Crear | Villager (Male) |
| 9:53 | Construir | Palisade Wall |
| 9:59 | Investigar | Double-Bit Axe |
| 10:16 | Crear | Archer |
| 10:18 | Crear | Villager (Male) |
| 10:31 | Construir | House |
| 10:34 | Crear | Villager (Male) |
| 10:42 | Construir | Farm |
| 10:46 | Crear | Archer |
| 10:47 | Crear | Villager (Male) |
| 10:54 | Construir | House |
| 11:00 | Crear | Spearman |
| 11:16 | Crear | Archer |
| 11:35 | Crear | Villager (Male) |
| 11:42 | Crear | Archer |
| 11:46 | Crear | Villager (Male) |
| 11:51 | Crear | Archer |
| 11:53 | Crear | Villager (Male) |
| 11:55 | Construir | Blacksmith |
| 12:12 | Construir | Watch Tower |
| 12:17 | Construir | Palisade Wall |
| 12:19 | Construir | Palisade Wall |
| 12:21 | Construir | House |
| 12:22 | Crear | Villager (Male) |
| 12:31 | Crear | Villager (Male) |
| 12:39 | Crear | Archer |
| 12:48 | Crear | Villager (Male) |
| 12:51 | Construir | Farm |
| 13:02 | Investigar | Fletching |
| 13:03 | Crear | Villager (Male) |
| 13:12 | Construir | Mining Camp |
| 13:18 | Crear | Villager (Male) |
| 13:37 | Crear | Villager (Male) |
| 13:45 | Construir | Farm |
| 13:46 | Construir | Farm |
| 13:52 | Crear | Archer |
| 13:57 | Construir | Outpost |
| 14:00 | Construir | House |
| 14:06 | Crear | Villager (Male) |
| 14:13 | Crear | Archer |
| 14:23 | Construir | House |
| 14:39 | Crear | Archer |
| 14:39 | Crear | Villager (Male) |
| 14:52 | Construir | House |
| 14:56 | Construir | Farm |
| 14:56 | Construir | Farm |
| 15:11 | Construir | Watch Tower |
| 15:22 | Crear | Archer |
| 15:31 | Construir | Farm |
| 15:32 | Construir | Farm |
| 15:33 | Crear | Villager (Male) |
| 15:34 | Crear | Archer |
| 15:54 | Construir | Watch Tower |
| 15:59 | Construir | Farm |
| 16:00 | Construir | Farm |
| 16:03 | Crear | Villager (Male) |
| 16:15 | Construir | House |
| 16:15 | Crear | Villager (Male) |
| 16:23 | Construir | House |
| 16:35 | Crear | Villager (Male) |
| 16:38 | Construir | Farm |
| 16:59 | Construir | Market |
| 17:01 | Construir | Farm |
| 17:20 | Crear | Villager (Male) |
| 17:24 | Construir | Farm |
| 17:24 | Construir | Farm |
| 17:29 | Construir | Outpost |
| 17:41 | Construir | House |
| 18:03 | Crear | Villager (Male) |
| 18:06 | Construir | Farm |
| 18:30 | Construir | House |
| 18:31 | Crear | Villager (Male) |
| 18:35 | Construir | Farm |
| 18:35 | Construir | Farm |
| 18:36 | Construir | Farm |
| 19:08 | Construir | Stable |
| 19:32 | Investigar | Castle Age |
| 19:56 | Crear | Scout Cavalry |
| 20:02 | Crear | Archer |
| 20:10 | Crear | Archer |
| 20:25 | Construir | Farm |
| 20:26 | Investigar | Horse Collar |
| 20:28 | Crear | Scout Cavalry |
| 20:31 | Construir | Farm |
| 20:32 | Construir | Farm |
| 20:37 | Crear | Archer |
| 20:39 | Construir | Palisade Wall |
| 20:40 | Construir | Palisade Wall |
| 20:40 | Construir | Palisade Wall |
| 20:40 | Construir | Palisade Wall |
| 20:41 | Construir | Palisade Wall |
| 20:41 | Construir | Palisade Wall |
| 20:48 | Crear | Scout Cavalry |
| 21:11 | Crear | Scout Cavalry |
| 21:45 | Crear | Scout Cavalry |
| 21:58 | Crear | Scout Cavalry |
| 22:02 | Crear | Villager (Male) |
| 22:12 | Edad | Edad de los Castillos |
| 22:20 | Investigar | Crossbowman (upgrade) |
| 22:22 | Investigar | Bodkin Arrow |
| 22:23 | Crear | Villager (Male) |
| 23:02 | Crear | Villager (Male) |
Build order — TAG_MbL_
Primeras 150 de 496 acciones detectadas
| 0:00 | Crear | Villager (Male) ×4 |
| 0:01 | Construir | House |
| 0:02 | Construir | House |
| 1:10 | Crear | Villager (Male) |
| 1:57 | Construir | Lumber Camp |
| 1:58 | Crear | Villager (Male) |
| 2:12 | Crear | Villager (Male) |
| 2:45 | Crear | Villager (Male) |
| 2:59 | Crear | Villager (Male) |
| 3:21 | Crear | Villager (Male) |
| 3:44 | Crear | Villager (Male) |
| 3:50 | Construir | House |
| 4:17 | Crear | Villager (Male) |
| 4:36 | Construir | Barracks |
| 4:38 | Crear | Villager (Male) |
| 4:38 | Crear | Villager (Male) |
| 4:55 | Crear | Villager (Male) |
| 5:23 | Construir | House |
| 5:26 | Crear | Villager (Male) |
| 5:27 | Crear | Militia |
| 5:30 | Crear | Militia |
| 5:30 | Crear | Militia |
| 5:55 | Crear | Militia |
| 5:59 | Construir | House |
| 6:05 | Construir | Mill |
| 6:12 | Crear | Villager (Male) |
| 6:24 | Construir | Palisade Wall |
| 6:25 | Crear | Villager (Male) |
| 7:02 | Crear | Villager (Male) |
| 7:07 | Construir | Palisade Wall |
| 7:23 | Crear | Villager (Male) |
| 7:29 | Construir | House |
| 7:35 | Crear | Villager (Male) |
| 7:40 | Construir | Lumber Camp |
| 7:46 | Construir | Palisade Wall |
| 7:54 | Investigar | Loom |
| 7:57 | Construir | Palisade Wall |
| 8:14 | Crear | Villager (Male) |
| 8:23 | Construir | Farm |
| 8:34 | Crear | Villager (Male) |
| 8:39 | Construir | Palisade Wall |
| 8:45 | Construir | Palisade Wall |
| 8:48 | Construir | Palisade Wall |
| 8:51 | Crear | Villager (Male) |
| 9:07 | Construir | Farm |
| 9:12 | Construir | Farm |
| 9:14 | Crear | Villager (Male) |
| 9:21 | Construir | Palisade Wall |
| 9:32 | Crear | Villager (Male) |
| 9:34 | Construir | Farm |
| 9:50 | Construir | Palisade Wall |
| 9:56 | Construir | Farm |
| 10:08 | Construir | Farm |
| 10:26 | Crear | Villager (Male) |
| 10:39 | Construir | Mining Camp |
| 11:05 | Investigar | Feudal Age |
| 11:49 | Crear | Villager (Male) |
| 12:01 | Construir | Farm |
| 12:14 | Crear | Villager (Male) |
| 13:00 | Crear | Villager (Male) |
| 13:07 | Construir | House |
| 13:11 | Construir | House |
| 13:13 | Construir | House |
| 13:15 | Edad | Edad Feudal |
| 13:15 | Crear | Villager (Male) |
| 13:21 | Construir | Palisade Wall |
| 13:33 | Crear | Villager (Male) |
| 13:36 | Construir | Archery Range |
| 13:50 | Construir | House |
| 13:51 | Construir | House |
| 14:10 | Crear | Skirmisher |
| 14:10 | Crear | Skirmisher |
| 14:18 | Crear | Villager (Male) |
| 14:20 | Construir | Blacksmith |
| 14:25 | Construir | Lumber Camp |
| 14:28 | Construir | Palisade Wall |
| 14:33 | Crear | Villager (Male) |
| 14:38 | Crear | Skirmisher |
| 14:41 | Crear | Villager (Male) |
| 14:49 | Investigar | Double-Bit Axe |
| 14:56 | Crear | Villager (Male) |
| 15:00 | Construir | Farm |
| 15:08 | Crear | Skirmisher |
| 15:09 | Investigar | Fletching |
| 15:09 | Investigar | Fletching |
| 15:22 | Construir | Watch Tower |
| 15:23 | Crear | Villager (Male) |
| 15:33 | Construir | Mining Camp |
| 15:50 | Crear | Skirmisher |
| 15:51 | Crear | Skirmisher |
| 15:52 | Investigar | Padded Archer Armor |
| 15:52 | Investigar | Padded Archer Armor |
| 15:54 | Construir | Farm |
| 15:55 | Construir | Farm |
| 15:56 | Crear | Villager (Male) |
| 16:29 | Crear | Villager (Male) |
| 16:30 | Construir | House |
| 16:35 | Crear | Skirmisher |
| 16:39 | Crear | Villager (Male) |
| 16:55 | Construir | House |
| 17:00 | Crear | Villager (Male) |
| 17:01 | Crear | Skirmisher |
| 17:03 | Crear | Villager (Male) |
| 17:06 | Construir | Farm |
| 17:07 | Construir | Farm |
| 17:09 | Investigar | Horse Collar |
| 17:10 | Investigar | Horse Collar |
| 17:19 | Crear | Villager (Male) |
| 17:29 | Construir | Farm |
| 17:40 | Construir | Watch Tower |
| 17:49 | Crear | Skirmisher |
| 17:49 | Crear | Skirmisher |
| 17:52 | Crear | Villager (Male) |
| 17:56 | Construir | Farm |
| 18:02 | Construir | Outpost |
| 18:06 | Investigar | Town Watch |
| 18:06 | Investigar | Town Watch |
| 18:11 | Construir | Farm |
| 18:11 | Construir | Farm |
| 18:12 | Crear | Villager (Male) |
| 18:23 | Crear | Villager (Male) |
| 18:29 | Crear | Villager (Male) |
| 18:54 | Crear | Skirmisher |
| 18:55 | Crear | Skirmisher |
| 18:55 | Crear | Skirmisher |
| 18:58 | Crear | Villager (Male) |
| 19:08 | Construir | Mining Camp |
| 19:20 | Construir | Farm |
| 19:38 | Construir | Farm |
| 19:39 | Crear | Villager (Male) |
| 19:44 | Construir | Farm |
| 19:44 | Construir | Farm |
| 19:52 | Crear | Villager (Male) |
| 20:11 | Crear | Villager (Male) |
| 20:21 | Construir | Farm |
| 20:23 | Construir | Farm |
| 20:37 | Crear | Spearman |
| 20:38 | Crear | Spearman |
| 20:39 | Crear | Villager (Male) |
| 20:43 | Crear | Skirmisher |
| 20:43 | Crear | Skirmisher |
| 20:51 | Construir | Watch Tower |
| 20:56 | Construir | House |
| 20:57 | Construir | House |
| 21:04 | Construir | House |
| 21:06 | Construir | Palisade Wall |
| 21:08 | Crear | Villager (Male) |
| 21:13 | Construir | House |
| 21:19 | Crear | Villager (Male) |
| 21:29 | Crear | Villager (Male) |
Cronología de la partida
| 4:36 | TAG_MbL_ · first_building Barracks |
| 6:24 | TAG_MbL_ · wall_segment Palisade Wall x7 |
| 7:07 | TAG_MbL_ · wall_segment Palisade Wall x11 |
| 7:14 | Oni.Kingstone · wall_segment Palisade Wall x1 |
| 7:16 | Oni.Kingstone · wall_segment Palisade Wall x1 |
| 7:18 | Oni.Kingstone · wall_segment Palisade Wall x1 |
| 7:19 | Oni.Kingstone · wall_segment Palisade Wall x2 |
| 7:21 | Oni.Kingstone · wall_segment Palisade Wall x1 |
| 7:26 | Oni.Kingstone · wall_segment Palisade Wall x2 |
| 7:46 | TAG_MbL_ · wall_segment Palisade Wall x4 |
| 7:57 | TAG_MbL_ · wall_segment Palisade Wall x6 |
| 8:20 | Oni.Kingstone · wall_segment Palisade Wall x1 |
| 8:22 | Oni.Kingstone · wall_segment Palisade Wall x1 |
| 8:23 | Oni.Kingstone · wall_segment Palisade Wall x1 |
| 8:24 | Oni.Kingstone · wall_segment Palisade Wall x1 |
| 8:29 | Oni.Kingstone · wall_segment Palisade Wall x1 |
| 8:32 | Oni.Kingstone · wall_segment Palisade Wall x1 |
| 8:33 | Oni.Kingstone · wall_segment Palisade Wall x1 |
| 8:39 | Oni.Kingstone · first_building Barracks |
| 8:39 | TAG_MbL_ · wall_segment Palisade Wall x4 |
| 8:45 | TAG_MbL_ · wall_segment Palisade Wall x6 |
| 8:48 | TAG_MbL_ · wall_segment Palisade Wall x8 |
| 8:54 | Oni.Kingstone · age_up feudal |
| 9:21 | TAG_MbL_ · wall_segment Palisade Wall x4 |
| 9:34 | Oni.Kingstone · first_building Archery Range |
| 9:50 | TAG_MbL_ · wall_segment Palisade Wall x1 |
| 9:53 | Oni.Kingstone · wall_segment Palisade Wall x1 |
| 12:17 | Oni.Kingstone · wall_segment Palisade Wall x1 |
| 12:19 | Oni.Kingstone · wall_segment Palisade Wall x1 |
| 13:15 | TAG_MbL_ · age_up feudal |
| 13:21 | TAG_MbL_ · wall_segment Palisade Wall x1 |
| 13:36 | TAG_MbL_ · first_building Archery Range |
| 14:28 | TAG_MbL_ · wall_segment Palisade Wall x1 |
| 19:08 | Oni.Kingstone · first_building Stable |
| 20:39 | Oni.Kingstone · wall_segment Palisade Wall x1 |
| 20:40 | Oni.Kingstone · wall_segment Palisade Wall x1 |
| 20:40 | Oni.Kingstone · wall_segment Palisade Wall x1 |
| 20:40 | Oni.Kingstone · wall_segment Palisade Wall x1 |
| 20:41 | Oni.Kingstone · wall_segment Palisade Wall x1 |
| 20:41 | Oni.Kingstone · wall_segment Palisade Wall x1 |
| 21:06 | TAG_MbL_ · wall_segment Palisade Wall x1 |
| 22:12 | Oni.Kingstone · age_up castle |
| 23:03 | Oni.Kingstone · first_market_sell 100 wood |
| 23:03 | Oni.Kingstone · first_market_buy 100 stone |
| 23:23 | TAG_MbL_ · first_market_buy 100 food |
| 23:26 | Oni.Kingstone · first_building Siege Workshop |
| 24:02 | TAG_MbL_ · first_market_sell 100 wood |
| 25:05 | Oni.Kingstone · first_building Monastery |
| 26:21 | TAG_MbL_ · age_up castle |
| 26:26 | TAG_MbL_ · first_building Monastery |
| 28:58 | Oni.Kingstone · wall_segment Stone Wall x1 |
| 30:47 | Oni.Kingstone · wall_segment Stone Wall x3 |
| 34:32 | Oni.Kingstone · first_building Castle |
| 35:48 | Oni.Kingstone · wall_segment Stone Wall x1 |
| 35:58 | Oni.Kingstone · age_up imperial |
| 37:05 | TAG_MbL_ · age_up imperial |
| 37:45 | TAG_MbL_ · first_building Siege Workshop |
| 37:49 | Oni.Kingstone · wall_segment Stone Wall x10 |
| 38:38 | Oni.Kingstone · wall_segment Stone Wall x1 |
| 41:49 | TAG_MbL_ · first_building Castle |
| 47:10 | TAG_MbL_ · resign |
[ ANÁLISIS IA · 1 CRÉDITO ]
¿Qué pasó realmente en esta partida?
Wolo.gg analiza cada decisión: build order, eco, micro, errores típicos por bracket. Análisis personalizado por WhatsApp o Discord en 30 segundos.
Guía civ
Portugueses
Perfil
Jugador #2776293